 Dungeon Crawl Stone Soup version 0.18-a0-1526-gcb34c7c (webtiles) character file.

758 Gottschkopf the Changer (level 7, -7/52 HPs)
             Began as a Yellow Draconian Transmuter on Mar 7, 2016.
             Was a Follower of Okawaru.
             Killed by divine providence
             ... invoked by an orc priest
              (16 damage)
             ... on level 5 of the Dungeon on Mar 8, 2016.
             The game lasted 00:12:38 (4858 turns).

Gottschkopf the Changer (DrTm)                      Turns: 4858, Time: 00:12:39

Health: -7/52      AC:  2    Str: 12    XL:     7   Next: 50%
Magic:  8/10       EV: 19    Int: 15    God:    Okawaru [*.....]
Gold:   323        SH:  0    Dex: 17    Spells: 3 memorised, 4 levels left

rFire  + . .     SeeInvis .       - Unarmed
rCold  . . .     Gourm    .     (armour unavailable)
rNeg   . . .     Faith    .     (shield currently unavailable)
rPois  x         Spirit   .     (helmet currently unavailable)
rElec  .         Dismiss  .     (cloak currently unavailable)
rCorr  .         Reflect  .     (gloves currently unavailable)
SustAt .         Harm     .     (boots currently unavailable)
MR     .....     Rnd*Tele +     (no amulet)
Stlth  ++........               (no ring)
                                u - ring of protection from fire

@: spider-form, not resistant to hostile enchantments, unstealthy
A: (spit acid), (acid resistance), unfitting armour, teleportitis 1,
(cold-blooded), AC +6
a: End Transformation, Heroism, Renounce Religion


You were on level 5 of the Dungeon.
You worshipped Okawaru.
Okawaru was aware of your devotion.
You were not hungry.
You were a venomous arachnid creature.
You visited 1 branch of the dungeon, and saw 5 of its levels.

You collected 323 gold pieces.

Inventory:

Missiles
 a - 73 arrows
 l - 8 arrows of frost
Armour
 s - a +2 pair of gloves (melded)
Jewellery
 u - a ring of protection from fire (left front leg)
Wands
 d - a wand of random effects (21/48)
 p - a wand of flame (20/48)
 y - a wand of iceblast (10/15)
 B - a wand of flame (12/48)
Scrolls
 e - 4 scrolls of identify {unknown}
 h - a scroll of teleportation {unknown}
 r - a scroll of enchant armour {unknown}
 t - 2 scrolls of amnesia {unknown}
 v - a scroll of immolation {unknown}
 x - a scroll of magic mapping {unknown}
Potions
 f - a potion of ambrosia {unknown}
 g - a potion of agility
 j - a potion of berserk rage {unknown}
 k - 2 potions of heal wounds {unknown}
 m - a potion of lignification {unknown}
 n - a potion of brilliance {unknown}
 o - 3 potions of curing {unknown}
 A - a potion of invisibility {unknown}
 C - a potion of mutation {unknown}
Books
 b - a book of Changes

   Spells                             Type                      Level
   a - Beastly Appendage              Transmutation                1
   b - Sticks to Snakes               Transmutation                2
   c - Spider Form                    Transmutation/Poison         3
   d - Ice Form                       Ice/Transmutation            4
   e - Blade Hands                    Transmutation                5
Comestibles
 c - 6 bread rations
 i - 3 meat rations
 q - 2 slices of pizza
 w - 5 fruits
 z - a beef jerky
 D - a chunk of flesh


   Skills:
 - Level 1.1 Fighting
 - Level 1.7 Dodging
 * Level 5.8 Unarmed Combat
 - Level 2.0 Spellcasting
 - Level 6.2 Transmutations
 - Level 2.8 Poison Magic


You had 4 spell levels left.
You knew the following spells:

 Your Spells              Type           Power        Failure   Level  Hunger
a - Beastly Appendage     Trmt           ###...       8%          1    #......
b - Sticks to Snakes      Trmt           ###.....     10%         2    ###....
c - Spider Form           Trmt/Pois      ###.......   28%         3    ###....


Dungeon Overview and Level Annotations

Branches:
Dungeon (5/15)             Temple (0/1) D:5

Altars:
Ashenzari
Nemelex Xobeh
Okawaru
Pakellas
Qazlal
Sif Muna


Innate Abilities, Weirdness & Mutations

((You can spit globs of acid.))
((You are resistant to acid.))
((Your golden yellow scales are hard (AC +6).))
Your body does not fit into most forms of armour.
((You are cold-blooded and may be slowed by cold attacks.))
You are occasionally teleported next to monsters.


Message History

You kill the orc priest!
Okawaru accepts your kill.
The orc priest invokes the aid of Beogh against you.
Pain shoots through your body!
You bite the orc!
You kill the orc!
Okawaru accepts your kill.
You hit the orc priest.
The orc priest is moderately wounded.
The orc priest misses you.
You hit the orc priest but do no damage.
The orc priest is poisoned.
The orc priest is moderately wounded.
The orc priest hits you from afar with a trident of venom!
* * * LOW HITPOINT WARNING * * *
You completely miss the orc priest.
The orc priest is moderately wounded.
The orc priest calls down the wrath of Beogh upon you.
Beogh smites you!
You die...

..............
#########.###......
..................
#...####.###......
#...# #.# #...... #...#
#.# ###(... #...# #.#
#....
#...####.#####....
..##s..##..>.........
#..oo).............##.
#......................
########...............
#...............
#...............
#...............
................
.................


You could see 2 orc priests.

Vanquished Creatures
  A sky beast (D:3)
  A scorpion (D:3)
  A crimson imp (D:5)
  A giant frog zombie (D:5)
  5 orc priests
  A centaur zombie (D:5)
  4 orc wizards
  A hound (D:4)
  An iguana (D:4)
  A worker ant (D:5)
  Robin (D:2)
  5 adders
  An ooze (D:2)
  An adder skeleton (D:5)
  A worm (D:3)
  4 dart slugs
  4 giant geckos
  14 orcs
  A ball python (D:1)
  2 giant cockroaches
  11 goblins
  12 hobgoblins
  2 jackals (D:1)
  9 kobolds
  A quokka (D:5)
  8 bats
  6 giant newts
  11 rats
111 creatures vanquished.

Vanquished Creatures (collateral kills)
  A bat (D:2)
1 creature vanquished.

Grand Total: 112 creatures vanquished

Notes
Turn   | Place    | Note
--------------------------------------------------------------
     0 | D:1      | Gottschkopf the Draconian Transmuter began the quest for the Orb.
     0 | D:1      | Reached XP level 1. HP: 16/16 MP: 3/3
   245 | D:1      | Reached XP level 2. HP: 21/23 MP: 3/5
   257 | D:1      | Learned a level 2 spell: Sticks to Snakes
   584 | D:1      | Reached XP level 3. HP: 24/28 MP: 3/6
   589 | D:1      | Learned a level 3 spell: Spider Form
  1293 | D:2      | Reached skill level 1 in Poison Magic
  1363 | D:2      | Noticed Robin
  1380 | D:2      | Killed Robin
  1380 | D:2      | Reached XP level 4. HP: 20/35 MP: 1/7
  1392 | D:2      | Reached skill level 3 in Transmutations
  2349 | D:3      | Reached skill level 4 in Transmutations
  2349 | D:3      | Reached XP level 5. HP: 30/40 MP: 5/8
  2727 | D:3      | Found an iron altar of Okawaru.
  2741 | D:3      | HP: 2/40 [scorpion (3)]
  3050 | D:3      | Became a worshipper of Warmaster Okawaru
  3252 | D:3      | Found an iron altar of Okawaru.
  3252 | D:3      | Noticed a sky beast
  3253 | D:3      | Found a sparkling altar of Nemelex Xobeh.
  3253 | D:3      | Found a deep blue altar of Sif Muna.
  3255 | D:3      | Found an oddly glowing altar of Pakellas.
  3255 | D:3      | Found a stormy altar of Qazlal.
  3256 | D:3      | Found a shattered altar of Ashenzari.
  3266 | D:3      | Killed a sky beast
  3266 | D:3      | Reached skill level 5 in Transmutations
  3266 | D:3      | Reached XP level 6. HP: 29/47 MP: 6/9
  3270 | D:3      | Gained mutation: You are occasionally teleported next to monsters. [mutagenic meat]
  3444 | D:4      | Reached skill level 6 in Transmutations
  3707 | D:4      | Upgraded the game from 0.18-a0-1515-g333d932 to 0.18-a0-1526-gcb34c7c
  3712 | D:4      | Reached * piety under Okawaru
  3712 | D:4      | Your scales start taking on a golden yellow colour.
  3712 | D:4      | Reached XP level 7. HP: 36/52 MP: 6/10
  4358 | D:5      | Entered Level 5 of the Dungeon
  4524 | D:5      | Reached skill level 5 in Unarmed Combat
  4657 | D:5      | Found a staircase to the Ecumenical Temple.
  4858 | D:5      | Killed from afar by an orc priest

Vault maps used:
D:1:      dpeg_arrival_arbitrary_b
D:2:      hex_large, minivault_5, uniq_robin
D:3:      grunt_temple_overflow_open, first_bread, okawaru_gym_becter
D:5:      minmay_temple_entry_mist, tgw_trog

Skill      XL: |  1  2  3  4  5  6  7 |
---------------+----------------------+-----
Unarmed Combat | 4 5 |  5.8
Poison Magic   | 1 2 |  2.8
Transmutations | 4 5 6 |  6.2
Fighting       | |  1.1
Dodging        | |  1.7
Spellcasting   | |  2.0

Action                   |  1- 3 |  4- 6 |  7- 9 || total
-------------------------+-------+-------+-------++-------
Melee: Unarmed           |   150 |   200 |    72 ||   422
 Cast: Beastly Appendage |    16 |    20 |     5 ||    41
       Spider Form       |     3 |     6 |     3 ||    12
       Sticks to Snakes  |     1 |       |       ||     1
  Use: Potion            |       |     1 |       ||     1
 Stab: Sleeping          |       |     2 |       ||     2
  Eat: Chunk             |     3 |     9 |     5 ||    17
